 Dungeon Crawl Stone Soup version 0.32-a0-893-gf85d74f360 (webtiles) character file.

Game seed: 11825436838973457718

51 ragingrage the Conjurer (level 3, -2/40 HPs)
             Began as a Demonspawn Reaver on Apr 3, 2024.
             Slain by an orc
             ... wielding a +0 club
              (4 damage)
             ... on level 2 of the Dungeon.
             The game lasted 00:02:00 (1106 turns).

ragingrage the Conjurer (Demonspawn Reaver)         Turns: 1106, Time: 00:02:00

Health: -2/40      AC:  3    Str: 10 (12) XL:     3   Next: 57%
Magic:  5/6        EV: 10    Int: 12 (15) God:
Gold:   36         SH:  0    Dex:  9 (11) Spells: 4/6 levels left

rFire   . . .        a - +0 falchion
rCold   . . .        (no shield)
rNeg    . . .        b - +0 leather armour
rPois   .            (no helmet)
rElec   .            (no cloak)
rCorr   .            (no gloves)
SInv    .            (no boots)
Will    .....        c - amulet of magic regeneration Stlth
                     (no ring)
HPRegen 0.26/turn    (no ring)
MPRegen 0.60/turn

%: no passive effects
@: berserking, very quick
A: magic regeneration
a: no special abilities


You were on level 2 of the Dungeon.
You visited 1 branch of the dungeon, and saw 2 of its levels.

You collected 36 gold pieces.

Inventory:

Hand Weapons
 a - a +0 falchion (weapon)
Missiles
 j - 4 atropa-tipped darts
Armour
 b - a +0 leather armour (worn)
Jewellery
 c - an amulet of magic regeneration (around neck)
Scrolls
 d - 2 scrolls of teleportation {unknown}
 e - 2 scrolls of identify {unknown}
 f - a scroll of vulnerability {unknown}
 k - a scroll of fear {unknown}
Potions
 i - a potion of curing {unknown}


   Skills:
 - Level 2.0 Fighting
 - Level 3.0 Long Blades
 - Level 1.7 Dodging
 + Level 1.6 Stealth
 - Level 2.0 Spellcasting
 - Level 3.0 Conjurations
 + Level 1.8 Necromancy
 * Level 1.0 Alchemy


You had 4 spell levels left.
You knew the following spells:

 Your Spells              Type           Power      Damage    Failure   Level
a - Kiss of Death         Conj/Necr      28%        2d7       14%         1
b - Sting                 Conj/Alch      24%        1d4       16%         1

Your spell library contained the following spells:

 Spells                   Type           Power      Damage    Failure   Level
 Necrotise                Necr           20%        1d5       17%         1
 Momentum Strike          Conj/Tloc      8%         3d8       30%         2
 Apportation              Tloc           2%         N/A       36%         1
 Summon Small Mammal      Summ           4%         N/A       36%         1
 Hailstorm                Conj/Ice       4%         3d5       52%         3


Dungeon Overview and Level Annotations

Branches:
Dungeon (2/15)

Altars:

Annotations:
D:1 exclusion: 2 downstairs


Innate Abilities, Weirdness & Mutations

You regenerate magic rapidly.


Message History

The sting misses the bat.
The bat closely misses you.
The sting hits the bat.
The bat is poisoned.
You kill the bat!
There is a stone staircase leading down here.
The sting hits the quokka.
The quokka is poisoned.
The sting hits the quokka.
The quokka looks even sicker.
You kill the quokka!
The sting hits the orc priest.
The orc priest is poisoned.
The sting hits the orc priest but does no damage.
The orc priest looks even sicker.
The sting hits the orc priest but does no damage.
The orc priest looks even sicker.
The orc priest hits you with a +0 short sword.
The sting hits the orc priest but does no damage.
The orc priest looks as sick as possible!
The orc priest looks encouraged for a moment.
The sting misses the orc priest.
The orc priest invokes the aid of Beogh against you.
Beogh smites you! The orc hits you with a +0 club.
* * * LOW HITPOINT WARNING * * *
The orc priest shouts, "Surrender to Beogh and we'll let you live!" (press Y on the ability menu to convert to Beogh) It was a potion of degeneration.
There was something very wrong with that liquid.
You feel weakened.
You feel dopey.
You feel clumsy.
The orc priest hits you with a +0 short sword.
* * * LOW HITPOINT WARNING * * *
The orc hits you with a +0 club.
* * * LOW HITPOINT WARNING * * *
It was a potion of berserk rage.
A red film seems to cover your vision as you go berserk!
You feel yourself moving faster!
You feel mighty!
The orc priest hits you with a +0 short sword.
* * * LOW HITPOINT WARNING * * *
The orc hits you with a +0 club.
* * * LOW HITPOINT WARNING * * *
You hit the orc priest.
You kill the orc priest!
The orc hits you with a +0 club.
You die...

. ..........# #.###...# .
..........# #.##....# .
..........# #.##....# .
..........## #.##....# .
...........# #.##.#### .
..........r## #.##.# .
..).........# ##.#..# .
$...........########..#.##
.............)@..).>....#
........##...o........###
..#..## ##..........## ...
#..........# ..
#..........######
.............%....
#..................
###................
##.#.).#........


You could see an orc.

Vanquished Creatures
  An orc priest (D:2)
  A dart slug (D:2)
  An orc (D:1)
  2 ball pythons
  9 bats
  2 endoplasms (D:1)
  A giant cockroach (D:2)
  8 goblins
  3 hobgoblins
  6 kobolds
  A quokka (D:2)
  4 frilled lizards
  4 rats
43 creatures vanquished.

Notes
Turn   | Place    | Note
-------+----------+-------------------------------------------
     0 | D:1      | ragingrage the Demonspawn Reaver began the quest for the
                  | Orb.
     0 | D:1      | Reached XP level 1. HP: 16/16 MP: 3/3
   187 | D:1      | Reached skill level 1 in Necromancy
   187 | D:1      | Gained mutation: You regenerate magic rapidly. [demonic
                  | ancestry]
   187 | D:1      | Reached XP level 2. HP: 22/22 MP: 5/5
   218 | D:1      | Reached skill level 1 in Stealth
   548 | D:1      | Learned a level 1 spell: Sting
   913 | D:1      | Reached XP level 3. HP: 20/27 MP: 6/6
  1068 | D:2      | Reached skill level 1 in Alchemy
  1105 | D:2      | HP: 2/40 [orc/+0 club (3)]
  1106 | D:2      | Slain by an orc

Illustrated notes

Levels and vault maps discovered:
D:1:      heliophobic_arrival_ceremonial_halls, layout_basic,
          serial_bayou_pond_e
D:2:      minmay_wonky_spiral, layout_rooms

Skill      XL: |  1  2  3 |
---------------+----------+-----
Necromancy     | 1 |  1.8
Stealth        | 1 |  1.6
Long Blades    | 3 |  3.0
Alchemy        | 1 |  1.0
Fighting       | |  2.0
Dodging        | |  1.7
Spellcasting   | |  2.0
Conjurations   | |  3.0

Action                     || total
---------------------------++-------
  Melee: Falchion          ||   114
   Cast: Sting             ||    32
    Use: Potion            ||     2
   Stab: Sleeping          ||     2
 Armour: Leather armour    ||   102
  Dodge: Dodged            ||    97

Table legend: (Time is in decaauts)
 A = Elapsed time spent in this place.
 B = Non-inter-level travel time spent in this place.
 C = Inter-level travel time spent in this place.
 D = Time resting spent in this place.
 E = Time spent auto-exploring this place.
 F = Levels seen in this place.
 G = Mean time per level.
                   A        B        C        D        E       F      G
               +--------+--------+--------+--------+--------+-----+--------+
         Total |   1125 |   1038 |     87 |    165 |    513 |   2 |  562.5 |
       Dungeon |   1125 |   1038 |     87 |    165 |    513 |   2 |  562.5 |
               +--------+--------+--------+--------+--------+-----+--------+

Top non-repeatable levels by time:
     D:1: 949 daAuts
     D:2: 175 daAuts
